 Dungeon Crawl Stone Soup version 0.22.0 (webtiles) character file.

91 MTVSty1e the Skirmisher (level 4, -1/29 HPs)
             Began as a Gargoyle Monk on Aug 11, 2018.
             Slain by Natasha (6 damage)
             ... on level 2 of the Dungeon.
             The game lasted 00:02:55 (1603 turns).

MTVSty1e the Skirmisher (Gargoyle Monk)             Turns: 1603, Time: 00:02:56

Health: -1/29      AC: 11    Str: 15    XL:     4   Next: 59%
Magic:  4/4        EV:  7    Int: 11    God:
Gold:   67         SH:  0    Dex: 12    Spells: 3/3 levels left

rFire    . . .     SeeInvis .   a - +0 hand axe
rCold    . . .     Gourm    .   (no shield)
rNeg     + . .     Faith    .   m - +0 chain mail
rPois    ∞         Spirit   .   (no helmet)
rElec    +         Reflect  .   (no cloak)
rCorr    .         Harm     .   (no gloves)
MR       .....                  (no boots)
Stlth    ..........             (no amulet)
HPRegen  0.09/turn              (no ring)
MPRegen  0.09/turn              (no ring)

@: flying
A: negative energy resistance 1, electricity resistance, unbreathing,
petrification resistance, rot immunity, AC +3
a: no special abilities


You were on level 2 of the Dungeon.
You were hungry.

You visited 1 branch of the dungeon, and saw 2 of its levels.

You collected 67 gold pieces.

Inventory:

Hand Weapons
 a - a +0 hand axe (weapon)
Armour
 m - a +0 chain mail (worn)
Scrolls
 g - 5 scrolls of identify {unknown}
 h - a scroll of enchant armour {unknown}
 i - 2 scrolls of remove curse {unknown}
 k - a scroll of random uselessness {unknown}
 l - 2 scrolls of magic mapping {unknown}
Comestibles
 c - a ration


   Skills:
 + Level 4.2 Fighting
 * Level 4.2 Axes
 - Level 2.4 Dodging
 - Level 2.1 Stealth


You had 3 spell levels left.
You didn't know any spells.
Your spell library was empty.

Dungeon Overview and Level Annotations

Branches:
Dungeon (2/15)

Altars:

Annotations:
D:2 Natasha, Sigmund


Innate Abilities, Weirdness & Mutations

You are resistant to torment.
Your stone body is resilient. (AC +3)
You are immune to poison.
You resist negative energy. (rN+)
You are resistant to electric shocks. (rElec)
You can survive without breathing.
You are immune to petrification.
You are immune to rotting.


Message History

The white imp gestures at you. The puff of frost hits you!
The crimson imp hits you but does no damage. x2
You see here a giant cockroach corpse.
You hit Natasha.
Natasha is lightly wounded.
You barely miss the crimson imp.
Your chain mail prevents you from hitting the crimson imp.
You barely miss the white imp. Natasha barely misses you.
The white imp gestures at you. The puff of frost hits you!
* * * LOW HITPOINT WARNING * * *
The crimson imp hits you.
* * * LOW HITPOINT WARNING * * *
The crimson imp hits you but does no damage.
Your chain mail prevents you from hitting Natasha.
Natasha is lightly wounded.
You hit the white imp. You closely miss the crimson imp.
You hit the crimson imp. Natasha claws you.
You die...

#..## #...#
#...# #...#
#####...#
........##
#........#
#.##.....#
.$....5@5#
..#...5h.#
...........
..#......#.#
. #.$#.......
........#.###
#.#..#...#.
#.#..#.... #


You could see Natasha, 2 crimson imps and a white imp.

Vanquished Creatures
  Natasha (D:2)
  An adder (D:2)
  A worm (D:2)
  A dart slug (D:1)
  4 giant cockroaches
  7 hobgoblins
  4 jackals (D:1)
  6 bats
  4 frilled lizards
  6 goblins
  8 kobolds
  9 rats
52 creatures vanquished.

Notes
Turn   | Place    | Note
-------+----------+-------------------------------------------
     0 | D:1      | MTVSty1e the Gargoyle Monk began the quest for the Orb.
     0 | D:1      | Reached XP level 1. HP: 14/14 MP: 1/1
   191 | D:1      | Reached XP level 2. HP: 19/19 MP: 2/2
   533 | D:1      | Reached XP level 3. HP: 24/24 MP: 3/3
  1156 | D:2      | Noticed Natasha
  1172 | D:2      | Reached XP level 4. HP: 18/29 MP: 4/4
  1183 | D:2      | Killed Natasha
  1578 | D:2      | Noticed Sigmund
  1592 | D:2      | Noticed Natasha
  1603 | D:2      | Slain by Natasha

Skill      XL: |  1  2  3  4 |
---------------+-------------+-----
Axes           | 3 4 |  4.2
Fighting       | 4 |  4.2
Dodging        | |  2.4
Stealth        | |  2.1

Action                   |  1- 3 |  4- 6 || total
-------------------------+-------+-------++-------
Melee: Hand axe          |   132 |    54 ||   186
  Use: Potion            |       |     4 ||     4
       Scroll            |       |     1 ||     1
 Stab: Sleeping          |     2 |       ||     2
  Eat: Chunk             |       |     2 ||     2
Armor: Robe              |    17 |       ||    17
       Chain mail        |   102 |    73 ||   175
Dodge: Dodged            |    82 |    32 ||   114
